Description

Quickly get 7 stalkers in the enemy base. Am only Gold 3 so feedback would be appreciated (I think I can move some stuff around to be more efficient).

Have sometimes built two shield batteries with the offensive pylon to help the Stalkers in case the enemy is about equal.

If the attack fails, build natural and move to Stalker-Sentry-Immortal build for macro. (or whatever you want)

Build Order

Get SALT Encoding   

  13  0:00  Probe  
  14  0:14  Probe  
  14  0:19  Pylon  
  15  0:26  Probe  
  15  0:47  Gateway  
  15  1:04  Gateway  
  16  1:10  Probe (Chrono Boost)  move probes slowly over to the assimilators once they're done
  16  1:12  Assimilator x2  
  17  1:19  Probe (Chrono Boost)  
  18  1:27  Probe (Chrono Boost)  
  18  1:37  Cybernetics Core  
  19  1:41  Probe x3 (Chrono Boost)  
  21  2:07  Pylon  
  22  2:16  Probe  
  22  2:20  Warp Gate (Chrono Boost)  boost warpgate to get it a bit faster
  23  2:32  Probe  
  25  2:34  Stalker x2  
  27  2:40  Gateway  
  27  3:01  Twilight Council  
  29  3:05  Stalker x2  at about this time move a probe accross the map to build a pylon
  31  3:33  Pylon  build pylon outside of enemy natural
  31  3:43  Blink  begin blink production incase the attack doesn't work
  32  3:59  Stalker x3  warp in 3 stalkers for attack accross map
Spawning Tool Build Advisor. Get it on Overwolf

Go to:

Details

  • Created by: Deloyts
  • Published on: Apr 29, 2021
  • Modified on: Apr 29, 2021
  • Patch: 4.11.0
  • Difficulty: Medium
Show
View Real Time Build Order
Export as new Build Order

Comments (0)

There are no comments. Be the first!

Create an account to comment!